 Dungeon Crawl Stone Soup version 0.17-a0-1011-gfa70bdd (webtiles) character file.

201 Fluffy the Skirmisher (level 5, -1/59 HPs)
             Began as an Ogre Berserker on May 13, 2015.
             Was a Believer of Trog.
             Slain by a gnoll
             ... wielding a +0 halberd of holy wrath
              (3 damage)
             ... on level 4 of the Dungeon.
             The game lasted 00:06:33 (3322 turns).

Fluffy the Skirmisher (Ogre Berserker)              Turns: 3322, Time: 00:06:33

Health: -1/59      AC:  4    Str: 22    XL:     5   Next: 79%
Magic:  5/5        EV: 11    Int:  6    God:    Trog [**....]
Gold:   152        SH:  0    Dex: 10    Spells: 0 memorised, 4 levels left

rFire  . . .     SeeInvis .     a - +0 mace
rCold  . . .     Clarity  .     b - +1 animal skin
rNeg   . . .     SustAb   .     (no shield)
rPois  .         Gourm    .     (helmet restricted)
rElec  .         Spirit   .     (no cloak)
rCorr  .         Warding  .     (gloves unavailable)
rMut   .         Stasis   .     (boots unavailable)
MR     .....                    (no amulet)
Stlth  +.........               (no ring)
                                i - ring of flight

@: exhausted, slowed, glowing, very slow, not resistant to hostile enchantments,
very unstealthy
A: unfitting armour, tough skin 1
a: Burn Spellbooks, Berserk, Trog's Hand, Renounce Religion, Evoke Flight


You were on level 4 of the Dungeon.
You worshipped Trog.
Trog was pleased with you.
You were hungry.

You visited 1 branch of the dungeon, and saw 4 of its levels.

You collected 152 gold pieces.

Inventory:

Hand weapons
 a - a +0 mace (weapon)
Armour
 b - a +1 animal skin (worn)
Jewellery
 i - a ring of flight (left hand)
Magical devices
 d - a wand of magic darts (11)
Potions
 e - 2 potions of invisibility
 g - a potion of flight
 h - 5 potions of heal wounds
 k - a potion of curing
 l - a potion of haste {unknown}
Comestibles
 c - 3 bread rations
 f - 6 fruits
 j - 2 chunks of flesh


   Skills:
 + Level 5.7 Fighting
 + Level 5.6 Maces & Flails
 + Level 4.0 Dodging


You had 4 spell levels left.
You didn't know any spells.

Dungeon Overview and Level Annotations

Branches:
Dungeon (4/15)
 Temple: D:4-7

Altars:
Nemelex Xobeh


Innate Abilities, Weirdness & Mutations

You are too large for most types of armour.
You have tough skin (AC +1).


Message History

You are feeling hungry.
The gnoll closely misses you.
You hit the gnoll shaman.
The gnoll shaman is almost dead.
The gnoll shaman utters an invocation to its god.
The gnoll shaman is healed somewhat.
The gnoll misses you.
The gnoll hits you from afar with a halberd of holy wrath.
The gnoll closely misses you. The gnoll shaman hits you with a club.
The gnoll closely misses you.
The gnoll hits you from afar with a halberd.
You closely miss the gnoll shaman.
The gnoll shaman is severely wounded.
The gnoll hits you from afar with a halberd.
The gnoll shaman hits you but does no damage.
The gnoll hits you from afar with a halberd!
* * * LOW HITPOINT WARNING * * *
The gnoll hits you from afar with a halberd!
* * * LOW HITPOINT WARNING * * *
The gnoll hits you from afar with a halberd of holy wrath.
You die...

#.....#. .#.
#.!...#. ..# ##.
#.....#.##?.##...
#.....+..........
#.....#..........
#........#.......
#.....##.#g......
#......†@gg......
##########g......
...###. .....
#.##.# .# # .# .#


You could see a gnoll shaman and 3 gnolls.

Vanquished Creatures
  A hound (D:3)
  An orc wizard (D:3)
  A gnoll (D:4)
  7 adders
  A worm (D:3)
  4 giant geckos
  8 orcs (D:3)
  A ball python (D:1)
  4 bats
  A giant cockroach (D:3)
  7 goblins
  6 hobgoblins
  5 kobolds
  A quokka (D:3)
  2 giant newts
  3 rats
53 creatures vanquished.

Notes
Turn   | Place    | Note
--------------------------------------------------------------
     0 | D:1      | Fluffy the Ogre Berserker began the quest for the Orb.
     0 | D:1      | Reached XP level 1. HP: 24/24 MP: 1/1
   122 | D:1      | Reached XP level 2. HP: 26/32 MP: 2/2
   981 | D:2      | Found a sparkling altar of Nemelex Xobeh.
  1179 | D:2      | Reached XP level 3. HP: 32/40 MP: 3/3
  1227 | D:2      | HP: 2/40 [poisoned by an adder]
  1934 | D:3      | Reached XP level 4. HP: 32/49 MP: 4/4
  2012 | D:3      | Reached skill level 5 in Fighting
  2299 | D:3      | Acquired Trog's second power
  2330 | D:3      | Reached skill level 5 in Maces & Flails
  2503 | D:3      | Reached XP level 5. HP: 41/57 MP: 5/5
  3322 | D:4      | HP: 2/59 [gnoll/halberd (11)]
  3322 | D:4      | Slain by a gnoll

Vault maps used:
D:1:      minmay_arrival_glassed_features, minmay_misc_feat_columns,
          minmay_misc_feat_alley
D:2:      nemelex_lonely_heart_becter
D:3:      first_bread
D:4:      vehumet_statue, minmay_temple_entry_large_hall

Action                   |  1- 3 |  4- 6 || total
-------------------------+-------+-------++-------
Melee: Mace              |    92 |   134 ||   226
Invok: Berserk           |       |     2 ||     2
  Use: Scroll            |       |    11 ||    11
  Eat: Chunk             |     3 |     6 ||     9
